[Event "Titled Tuesday Blitz May 03 Early 2022"]
[White "Arabidze, Meri"]
[Black "Lamaze, Simon"]
[WhiteFideId "13604040"]
[BlackFideId "36069264"]
[WhiteElo "2335"]
[BlackElo "1999"]
[Result "1/2-1/2"]
[Round "07"]
[TimeControl "180+1"]
[Date "2022.05.03"]
[WhiteClock "0:00:07"]
[BlackClock "0:00:19"]

1. Nf3 Nf6 2. b3 d6 3. d4 Bg4 4. Bb2 Bxf3 5. exf3 g6 6. d5 Bg7 7. Be2 O-O 8. O-O c6 9. dxc6 Nxc6 10. c4 e6 11. Nd2 Nh5 12. Bxg7 Nxg7 13. Ne4 Nf5 14. Qd2 d5 15. cxd5 exd5 16. Qxd5 Qxd5 17. Nf6+ Kg7 18. Nxd5 Rad8 19. Bc4 Na5 20. Rfd1 Rfe8 21. Bf1 Rc8 22. Rac1 Nc6 23. Bb5 Nfd4 24. Bf1 Rcd8 25. Ne3 f5 26. f4 Re6 27. g3 Red6 28. Kg2 h5 29. h4 a6 30. Rd2 Ne6 31. Rxd6 Rxd6 32. Nc4 Rd5 33. Be2 Ned4 34. Bf3 Nxf3 35. Kxf3 Kf6 36. Kg2 Rd4 37. Ne3 Rd2 38. Rc2 Rd3 39. Kf1 Rd7 40. Rc4 Rd2 41. Rc2 Rd7 42. Nc4 Rd1+ 43. Kg2 Nd4 44. Rd2 Rxd2 45. Nxd2 Ke6 46. Nf3 Nxf3 47. Kxf3 Kd5 48. Ke3 b5 49. Kd3 b4 50. f3 a5 51. Ke3 Kc5 52. Kd3 Kd5 53. Ke2 Kd4 54. Kd2 Kd5 55. Kd3 Kc5 56. Ke3 Kd5 57. Kd3 Kc5 58. Kc2 Kd4 59. Kd2 Kd5 60. Kd3 1/2-1/2


[Site "https://www.chess.com"]

[Event "Titled Tuesday Blitz May 03 Early 2022"]
[White "Araujo Filho, Luiz Antonio Coel"]
[Black "Souleidis, Georgios"]
[WhiteFideId "2130661"]
[BlackFideId "4206827"]
[WhiteElo "2303"]
[BlackElo "2401"]
[Result "0-1"]
[Round "07"]
[TimeControl "180+1"]
[Date "2022.05.03"]
[WhiteClock "0:00:01"]
[BlackClock "0:00:10"]

1. d4 Nf6 2. Nf3 g6 3. c4 Bg7 4. Nc3 O-O 5. e4 d6 6. Be2 e5 7. dxe5 dxe5 8. O-O c6 9. Qc2 Qe7 10. Rd1 Bg4 11. Rb1 Nbd7 12. b4 Rfd8 13. Be3 Bxf3 14. Bxf3 Nf8 15. b5 Ne6 16. bxc6 bxc6 17. Qa4 Nd4 18. Bxd4 exd4 19. Ne2 Nxe4 20. Qxc6 Nc3 21. Nxc3 dxc3 22. Re1 c2 23. Rbc1 Qb4 24. Qe4 Bb2 25. Rxc2 Rac8 26. h4 Bf6 27. h5 Kg7 28. c5 Qxe4 29. Rxe4 Rc7 30. c6 gxh5 31. Bxh5 Rd6 32. Bf3 h5 33. Rb4 Rd8 34. Rb7 Rdc8 35. Rxc7 Rxc7 36. Bxh5 Bd4 37. Kf1 Bb6 38. Be2 f5 39. Bb5 Kf6 40. g3 Rh7 41. Kg2 Re7 42. Kf3 Rg7 43. Bd3 Re7 44. a4 Rh7 45. Bb5 Re7 46. g4 fxg4+ 47. Kxg4 Re4+ 48. Kf3 Re7 49. Rd2 Re5 50. Kg3 Rc5 0-1


[Site "https://www.chess.com"]

[Event "Titled Tuesday Blitz May 03 Early 2022"]
[White "Bach, Ngoc Thuy Duong"]
[Black "Bashirli, Saadat"]
[WhiteFideId "12408956"]
[BlackFideId "13429990"]
[WhiteElo "1862"]
[BlackElo "1173"]
[Result "1-0"]
[Round "07"]
[TimeControl "180+1"]
[Date "2022.05.03"]
[WhiteClock "0:01:01"]
[BlackClock "0:00:14"]

1. d4 d5 2. c4 e6 3. Nc3 c6 4. e4 dxe4 5. Nxe4 Nf6 6. Nc3 Bb4 7. Nf3 h6 8. a3 Bxc3+ 9. bxc3 Nbd7 10. Bd3 Qc7 11. O-O O-O 12. Re1 b6 13. Qe2 Bb7 14. Ne5 c5 15. Bf4 Qd8 16. Rad1 Qe7 17. Bg3 Rad8 18. f3 cxd4 19. cxd4 Qxa3 20. Ra1 Qc3 21. Qe3 Qb4 22. Rxa7 Ba8 23. Rb1 Qe7 24. Rxb6 Qe8 25. Rb1 Nxe5 26. Bxe5 Nd7 27. Bd6 Nb6 28. Bxf8 Qxf8 29. Rxb6 Qe8 30. h3 Bc6 31. Be4 Bxe4 32. Qxe4 e5 33. Qxe5 Qf8 34. Rbb7 Re8 35. Qf4 Re1+ 36. Kh2 f6 37. Qg3 Re8 38. Rxg7+ Qxg7 39. Qxg7# 1-0


[Site "https://www.chess.com"]

[Event "Titled Tuesday Blitz May 03 Early 2022"]
[White "Baches Garcia, Guillermo"]
[Black "Manukian, Artak"]
[WhiteFideId "2209764"]
[BlackFideId "13301373"]
[WhiteElo "2513"]
[BlackElo "2373"]
[Result "1-0"]
[Round "07"]
[TimeControl "180+1"]
[Date "2022.05.03"]
[WhiteClock "0:00:50"]
[BlackClock "0:01:56"]

1. e4 c6 2. c4 d5 3. exd5 cxd5 4. cxd5 Nf6 5. Nc3 g6 6. Nf3 Bg7 7. Bc4 O-O 8. O-O Nbd7 9. d3 Nb6 10. Qb3 Bf5 11. Re1 Rc8 12. Bf4 Nxc4 13. dxc4 Bd3 14. Ne5 Bf5 15. Qxb7 Rb8 16. Qxa7 Rxb2 17. Nc6 Qa8 18. Nxe7+ Kh8 19. Qxa8 Rxa8 20. Nxf5 gxf5 21. Be5 Ne4 22. Bxg7+ Kxg7 23. Nxe4 fxe4 24. Rxe4 Raxa2 25. Rf1 f5 26. Rf4 Kg6 27. g3 Rc2 28. Rd1 Rd2 29. Rxd2 Rxd2 30. Kg2 h5 31. h4 Kf6 32. Kf3 Ke5 33. c5 Rxd5 34. Rc4 Rd3+ 35. Ke2 Rd8 36. c6 Kd5 37. c7 Rc8 38. Rc2 f4 39. Kf3 fxg3 40. fxg3 Kd6 41. Kf4 Kd7 42. Kg5 Rg8+ 43. Kxh5 Kc8 44. Rc3 1-0


[Site "https://www.chess.com"]

[Event "Titled Tuesday Blitz May 03 Early 2022"]
[White "Balabayeva, Xeniya"]
[Black "Legenia, Artem"]
[WhiteFideId "13719688"]
[BlackFideId "14136945"]
[WhiteElo "1941"]
[BlackElo "1936"]
[Result "1-0"]
[Round "07"]
[TimeControl "180+1"]
[Date "2022.05.03"]
[WhiteClock "0:00:15"]
[BlackClock "0:01:19"]

1. e4 d5 2. exd5 Qxd5 3. Nf3 Nc6 4. d4 Bg4 5. Be2 O-O-O 6. Be3 e5 7. c4 Bb4+ 8. Bd2 Qa5 9. d5 Bxf3 10. Bxf3 Nd4 11. Be2 Nf6 12. O-O c6 13. Bc3 Bxc3 14. bxc3 Ne6 15. Nd2 cxd5 16. Rb1 Qxc3 17. cxd5 Nc5 18. Rc1 Qb4 19. Rc4 Qb6 20. Qc2 Rxd5 21. Bf3 e4 22. Nxe4 Nxe4 23. Bxe4 Re5 24. Rc1 Kb8 25. Rxc5 Rf5 26. Bxf5 1-0


[Site "https://www.chess.com"]

[Event "Titled Tuesday Blitz May 03 Early 2022"]
[White "Bartel, Michal"]
[Black "Silvestre, Christian"]
[WhiteFideId "1119257"]
[BlackFideId "30956269"]
[WhiteElo "2211"]
[BlackElo "2365"]
[Result "1-0"]
[Round "07"]
[TimeControl "180+1"]
[Date "2022.05.03"]
[WhiteClock "0:01:17"]
[BlackClock "0:00:12"]

1. e4 c6 2. d4 d5 3. e5 a6 4. Nd2 Bf5 5. Be2 e6 6. Nb3 h6 7. Be3 Nd7 8. f4 Rc8 9. Nf3 c5 10. c3 c4 11. Nbd2 Qb6 12. Qc1 Ne7 13. O-O Qa5 14. Ne1 b5 15. g4 Bh7 16. Ng2 b4 17. Nh4 bxc3 18. bxc3 Nc6 19. a4 Be7 20. Ndf3 Be4 21. f5 Rb8 22. Qe1 Rb2 23. Rc1 Kd8 24. Nd2 Bxh4 25. Qxh4+ Kc7 26. fxe6 fxe6 27. Rf7 g5 28. Qf2 Bg6 29. Rg7 Rf8 30. Qg2 Bd3 31. Bxd3 cxd3 32. c4 dxc4 33. Rxc4 Qb6 34. Qe4 Rb1+ 35. Nxb1 Qxb1+ 36. Rc1 d2 37. Qxc6+ Kb8 38. Rxb1+ 1-0


[Site "https://www.chess.com"]

[Event "Titled Tuesday Blitz May 03 Early 2022"]
[White "Bas Mas, Jose Joaquin"]
[Black "Keller, Peter"]
[WhiteFideId "22219064"]
[BlackFideId "1272105"]
[WhiteElo "2212"]
[BlackElo "2275"]
[Result "1-0"]
[Round "07"]
[TimeControl "180+1"]
[Date "2022.05.03"]
[WhiteClock "0:00:47"]
[BlackClock "0:00:15"]

1. e4 e5 2. Nf3 Nc6 3. c3 d5 4. Qa4 f6 5. exd5 Qxd5 6. d4 exd4 7. Nxd4 Bd7 8. Be3 Nxd4 9. Qxd4 Qxd4 10. Bxd4 Ne7 11. Be2 Nc6 12. Be3 O-O-O 13. Nd2 Ne5 14. Nf3 Nxf3+ 15. Bxf3 a6 16. O-O Bb5 17. Rfd1 Be7 18. b3 Rxd1+ 19. Rxd1 Rd8 20. Rxd8+ Bxd8 21. c4 Bd7 22. Be4 f5 23. Bf3 Bf6 24. g3 c6 25. Kf1 b5 26. h4 Be5 27. Ke2 Kc7 28. Kd3 Be6 29. Bd4 bxc4+ 30. bxc4 Bxd4 31. Kxd4 Kd6 32. c5+ Kd7 33. a3 a5 34. Ke5 g6 35. Bxc6+ Kxc6 36. Kxe6 Kxc5 37. Kf6 a4 38. Kg7 Kc4 39. Kxh7 Kb3 40. Kxg6 Kxa3 41. h5 Kb3 42. h6 a3 43. h7 a2 44. h8=Q a1=Q 45. Qxa1 1-0


[Site "https://www.chess.com"]

[Event "Titled Tuesday Blitz May 03 Early 2022"]
[White "Bifulco, Michel"]
[Black "Yang, Kaiqi"]
[WhiteFideId "828580"]
[BlackFideId "8604398"]
[WhiteElo "2165"]
[BlackElo "2373"]
[Result "0-1"]
[Round "07"]
[TimeControl "180+1"]
[Date "2022.05.03"]
[WhiteClock "0:00:03"]
[BlackClock "0:00:12"]

1. d4 e6 2. Nc3 Bb4 3. Bf4 Nf6 4. Qd3 d5 5. O-O-O c5 6. dxc5 Nbd7 7. Nb5 Nxc5 8. Qd4 Qa5 9. Nc7+ Ke7 10. a3 Bxa3 11. bxa3 Qxa3+ 12. Qb2 Qa4 13. e3 Bd7 14. Nxa8 Rxa8 15. Nf3 Rc8 16. Nd4 Nfe4 17. Bb5 Bxb5 18. Qxb5 Qa1+ 19. Qb1 Qc3 20. Nb5 Nd3+ 21. Rxd3 Qxd3 22. Rd1 Qe2 23. Qb4+ Kf6 24. Qd4+ Kg6 25. Qd3 Qxf2 26. Rf1 Rxc2+ 27. Qxc2 Qxf1+ 28. Qd1 Qxb5 29. Qg4+ Kf6 30. Qh4+ g5 31. Qh6+ Ke7 32. Bxg5+ Kd7 33. Qf8 Qf1+ 34. Kb2 Qxg2+ 35. Kb3 Qxg5 36. Qxf7+ Qe7 37. Qf4 Qd6 38. Qf7+ Qe7 39. Qf4 a5 40. Qb8 Qb4+ 41. Kc2 a4 0-1


[Site "https://www.chess.com"]

[Event "Titled Tuesday Blitz May 03 Early 2022"]
[White "Bluebaum, Matthias"]
[Black "Sarana, Alexey"]
[WhiteFideId "24651516"]
[BlackFideId "24133795"]
[WhiteElo "2550"]
[BlackElo "2666"]
[Result "1/2-1/2"]
[Round "07"]
[TimeControl "180+1"]
[Date "2022.05.03"]
[WhiteClock "0:00:05"]
[BlackClock "0:00:05"]

1. d4 Nf6 2. Nf3 d5 3. e3 e6 4. Bd3 Nbd7 5. O-O b6 6. c4 Bb7 7. cxd5 exd5 8. b3 Bd6 9. Ba3 Bxa3 10. Nxa3 O-O 11. Rc1 c5 12. Nb5 Qe7 13. Qe2 Ne4 14. Rfd1 Ndf6 15. Qb2 Ng4 16. Bxe4 dxe4 17. Ne5 Nxe5 18. dxe5 Bc6 19. Nd6 Rad8 20. b4 Ba4 21. Rd2 cxb4 22. Qxb4 Qxe5 23. Nxf7 Rc8 24. Re1 Qc3 25. Qxc3 Rxc3 26. Ng5 Re8 27. h4 h6 28. Nh3 Rd3 29. Rb2 b5 30. Nf4 Rd6 31. Rc1 a5 32. Rc7 g5 33. hxg5 hxg5 34. Nh5 Re5 35. Ng3 b4 36. Rb1 Be8 37. Ra7 Bg6 38. Rc1 Kf8 39. Ne2 Rdd5 40. Nd4 Re7 41. Ra6 Be8 42. Kh2 Kg7 43. Kg3 Kf7 44. Rc8 Bd7 45. Rh8 Kg7 46. Rhh6 Rf7 47. Rag6+ Kf8 48. Rh5 Rg7 49. Rf6+ Ke7 50. Ra6 Rf7 51. Rhh6 Rg7 52. Rh5 Kf7 53. Rhh6 Ke7 54. Rh5 1/2-1/2


[Site "https://www.chess.com"]

[Event "Titled Tuesday Blitz May 03 Early 2022"]
[White "Bongo Akanga Ndjila, Barthelemy"]
[Black "Polster, Christian"]
[WhiteFideId "10609431"]
[BlackFideId "12965081"]
[WhiteElo "1768"]
[BlackElo "2277"]
[Result "0-1"]
[Round "07"]
[TimeControl "180+1"]
[Date "2022.05.03"]
[WhiteClock "0:00:03"]
[BlackClock "0:00:11"]

1. d4 Nf6 2. c4 c5 3. d5 b5 4. cxb5 a6 5. bxa6 g6 6. Nc3 Bg7 7. Nf3 O-O 8. e4 Qa5 9. Bd2 Bxa6 10. Bxa6 Qxa6 11. Qe2 d6 12. Qxa6 Nxa6 13. O-O Rfb8 14. Rab1 Nb4 15. a3 Nd3 16. Bc1 Nd7 17. Rd1 Nxf2 18. Kxf2 Bxc3 19. Rd3 Bf6 20. b4 Rb5 21. Nd2 Rab8 22. Nc4 cxb4 23. axb4 Rxb4 24. Rxb4 Rxb4 25. Nd2 Nc5 26. Ra3 Nd3+ 27. Rxd3 h5 28. g3 Kg7 29. Ba3 Ra4 30. Ke2 g5 31. h3 g4 32. hxg4 hxg4 33. Nf1 Rxe4+ 34. Ne3 Be5 35. Kf2 Kg6 36. Ng2 f5 37. Bc1 Bd4+ 38. Be3 Be5 39. Nf4+ Bxf4 40. Bxf4 Kf6 41. Re3 Rd4 42. Re6+ Kf7 43. Bg5 Rxd5 44. Rxe7+ Kg6 45. Bh4 Re5 46. Rd7 Re6 47. Bd8 f4 48. gxf4 Kf5 49. Kg3 Re3+ 50. Kf2 Rf3+ 51. Ke2 Kxf4 52. Rxd6 Kg3 53. Bc7 Kg2 54. Ke1 Re3+ 55. Kd1 g3 56. Rd2+ Kf3 57. Kc2 g2 58. Bb6 g1=Q 59. Bxe3 Kxe3 60. Rd3+ Ke4 61. Rd2 Qc5+ 62. Kd1 Qc4 63. Re2+ Kd3 64. Rd2+ Ke3 65. Re2+ Qxe2+ 0-1


[Site "https://www.chess.com"]

[Event "Titled Tuesday Blitz May 03 Early 2022"]
[White "Chernomordik, Pavel"]
[Black "Rosen, Eric"]
[WhiteFideId "2804530"]
[BlackFideId "2032562"]
[WhiteElo "2220"]
[BlackElo "2362"]
[Result "0-1"]
[Round "07"]
[TimeControl "180+1"]
[Date "2022.05.03"]
[WhiteClock "0:01:13"]
[BlackClock "0:01:33"]

1. e4 e5 2. Nf3 Nf6 3. Nc3 Bc5 4. Nxe5 Nc6 5. Nf3 O-O 6. d4 Bb4 7. e5 Ne4 8. Qd3 d5 9. a3 Bf5 10. axb4 Nxb4 11. Qd1 Nxc3 12. bxc3 Nxc2+ 13. Ke2 Nxa1 14. Ba3 Nc2 15. Bxf8 Qxf8 16. Nh4 Qc8 17. Kd2 Na3 18. Qb3 Nc4+ 19. Bxc4 dxc4 20. Qxc4 Be6 21. Qd3 Qd7 22. f4 Qe7 23. g3 c5 24. f5 Bd5 25. Rf1 cxd4 26. cxd4 Rc8 27. Rb1 Qg5+ 28. Ke2 Bc4 0-1


[Site "https://www.chess.com"]

[Event "Titled Tuesday Blitz May 03 Early 2022"]
[White "Ciorgovean, Iustin"]
[Black "Devaev, Alexander"]
[WhiteFideId "1242911"]
[BlackFideId "4169395"]
[WhiteElo "2075"]
[BlackElo "2185"]
[Result "1-0"]
[Round "07"]
[TimeControl "180+1"]
[Date "2022.05.03"]
[WhiteClock "0:00:46"]
[BlackClock "0:00:02"]

1. d4 Nf6 2. c4 e6 3. Nc3 Bb4 4. Qc2 c5 5. dxc5 Na6 6. a3 Bxc3+ 7. Qxc3 Nxc5 8. b4 Nce4 9. Qb2 d5 10. c5 h6 11. f3 Ng5 12. h4 Ngh7 13. Bf4 Bd7 14. e3 O-O 15. Bd3 a6 16. Ne2 Re8 17. Be5 Bb5 18. Bxb5 axb5 19. Nd4 Nd7 20. Nxb5 Nxe5 21. Qxe5 Ra4 22. Qd6 Qc8 23. Kf2 Ra6 24. Qc7 Qa8 25. Qg3 Rc8 26. Nc7 Rxc7 27. Qxc7 Rxa3 28. Rxa3 Qxa3 29. Qxb7 Qb2+ 30. Kg3 Qe5+ 31. Kh3 Qf5+ 32. Kh2 Qe5+ 33. f4 Qxe3 34. Qb8+ Nf8 35. Rf1 d4 36. Qd6 d3 37. Rf3 Qe1 38. Qxd3 Qxh4+ 39. Kg1 Qe1+ 40. Rf1 Qxb4 41. Rc1 Qxf4 42. Qc3 Qc7 43. c6 e5 44. Qb4 Ne6 45. Qb7 1-0


[Site "https://www.chess.com"]

[Event "Titled Tuesday Blitz May 03 Early 2022"]
[White "Cramling Bellon, Anna"]
[Black "Chuemsakul, Sarocha"]
[WhiteFideId "32009232"]
[BlackFideId "6203710"]
[WhiteElo "1905"]
[BlackElo "1703"]
[Result "1-0"]
[Round "07"]
[TimeControl "180+1"]
[Date "2022.05.03"]
[WhiteClock "0:00:03"]
[BlackClock "0:00:02"]

1. d4 Nf6 2. c4 c5 3. d5 g6 4. Nc3 e6 5. e4 exd5 6. cxd5 d6 7. Nf3 a6 8. a4 Bg7 9. Bd3 O-O 10. O-O Bg4 11. h3 Bxf3 12. Qxf3 Nfd7 13. Qg3 Ne5 14. Bc2 c4 15. f4 Ned7 16. e5 dxe5 17. f5 Qe7 18. Ne4 Nf6 19. fxg6 fxg6 20. Bg5 Nbd7 21. Rae1 Rae8 22. b3 Qb4 23. bxc4 Qxc4 24. Nxf6+ Nxf6 25. Bb3 Qc5+ 26. Be3 Qb4 27. Bg5 Qc5+ 28. Kh1 Qd6 29. Bxf6 Bxf6 30. Qg4 Kh8 31. h4 Bg7 32. h5 gxh5 33. Qxh5 Rd8 34. Qg4 Rde8 35. Qh3 Rf6 36. Rxf6 Bxf6 37. Re4 Rg8 38. Rg4 Rxg4 39. Qxg4 Qe7 40. d6 Qxd6 41. Qg8# 1-0


[Site "https://www.chess.com"]

[Event "Titled Tuesday Blitz May 03 Early 2022"]
[White "D`Arruda, Ricardo D."]
[Black "Saravana, Krishnan P."]
[WhiteFideId "100692"]
[BlackFideId "5018382"]
[WhiteElo "2412"]
[BlackElo "2210"]
[Result "1-0"]
[Round "07"]
[TimeControl "180+1"]
[Date "2022.05.03"]
[WhiteClock "0:00:19"]
[BlackClock "0:00:03"]

1. Nf3 d5 2. d4 Nf6 3. g3 c6 4. Bg2 Bf5 5. O-O e6 6. c4 Be7 7. Nc3 O-O 8. b3 a5 9. Bb2 Na6 10. Nh4 Bg4 11. h3 Bh5 12. g4 Bg6 13. Nxg6 hxg6 14. e4 dxe4 15. Nxe4 Nxe4 16. Bxe4 a4 17. Qe2 a3 18. Bc3 Bb4 19. Bxb4 Nxb4 20. Rad1 Qe7 21. Rd2 Rad8 22. f4 Rfe8 23. Rfd1 Nd5 24. cxd5 exd5 25. Bf3 Qf6 26. Qf2 Qxf4 27. Bg2 Qd6 28. Re1 Rxe1+ 29. Qxe1 Qb4 30. Qe3 Rd6 31. Qf2 Rf6 32. Qe3 Re6 33. Qd3 Re1+ 34. Bf1 Qd6 35. Re2 Rxe2 36. Bxe2 Qf4 37. Kg2 Qc1 38. Bd1 Qb2+ 39. Qc2 Qxd4 40. Kf3 Kh7 41. Be2 c5 42. Bd3 Qf6+ 43. Kg2 b6 44. Kg3 Qe5+ 45. Kg2 Qe3 46. h4 Qf4 47. Qe2 Qf6 48. h5 Kh6 49. Qd2+ g5 50. Qe2 Qd4 51. Kg3 Qf4+ 52. Kh3 Qc1 53. Kg3 Qc3 54. Kg2 Qd4 55. Kf3 Qf4+ 56. Kg2 Qf6 57. Qf3 Qb2+ 58. Qf2 Qe5 59. Qxf7 Qf6 60. Qxf6+ gxf6 61. Kf3 Kg7 62. Bb5 Kh6 63. Bc6 d4 64. Ke4 Kg7 65. Bb5 Kh6 66. Bd3 Kg7 67. Kd5 Kh6 68. Kc6 Kg7 69. Kxb6 1-0


[Site "https://www.chess.com"]

[Event "Titled Tuesday Blitz May 03 Early 2022"]
[White "Deac, Bogdan-Daniel"]
[Black "Abarca Gonzalez, Nicolas"]
[WhiteFideId "1226380"]
[BlackFideId "3409422"]
[WhiteElo "2648"]
[BlackElo "2504"]
[Result "0-1"]
[Round "07"]
[TimeControl "180+1"]
[Date "2022.05.03"]
[WhiteClock "0:00:02"]
[BlackClock "0:00:31"]

1. d4 Nf6 2. Nf3 g6 3. Nbd2 d5 4. Nb3 a5 5. a4 Bg7 6. Bf4 O-O 7. e3 Bf5 8. Be2 Nbd7 9. h3 b6 10. O-O c5 11. c3 c4 12. Nbd2 Ne4 13. Nxe4 Bxe4 14. b3 Rc8 15. bxc4 dxc4 16. Nd2 Bd3 17. Bxd3 cxd3 18. Ne4 e5 19. Bh2 f5 20. Qb3+ Kh8 21. Nd6 Rc6 22. Nf7+ Rxf7 23. Qxf7 e4 24. f3 Nf6 25. Be5 exf3 26. Rxf3 Qd7 27. Qb3 Ne4 28. Bxg7+ Kxg7 29. c4 Nd2 30. Qxd3 Nxf3+ 31. gxf3 f4 32. d5 Rf6 33. Kg2 fxe3 34. Qxe3 Qc7 35. Rc1 Rf5 36. c5 bxc5 37. Rxc5 Qd8 38. Qd4+ Kh6 39. h4 Qd6 40. Rxa5 Qa3 41. Ra7 Qxf3+ 42. Kh2 Qe2+ 0-1


[Site "https://www.chess.com"]

[Event "Titled Tuesday Blitz May 03 Early 2022"]
[White "Delorme, Alban"]
[Black "Kozak, Antoni"]
[WhiteFideId "623636"]
[BlackFideId "21832030"]
[WhiteElo "2197"]
[BlackElo "2236"]
[Result "0-1"]
[Round "07"]
[TimeControl "180+1"]
[Date "2022.05.03"]
[WhiteClock "0:01:24"]
[BlackClock "0:00:09"]

1. d4 f5 2. Nf3 g6 3. g3 Bg7 4. Bg2 Nf6 5. c4 O-O 6. Nc3 d6 7. O-O c6 8. Bg5 h6 9. Bxf6 Bxf6 10. e4 Bg7 11. Qd2 e5 12. Rad1 Qe8 13. exf5 Bxf5 14. dxe5 dxe5 15. Rfe1 Bg4 16. Nh4 Bxd1 17. Rxd1 Na6 18. Ne4 Rd8 19. Qxd8 Qxd8 20. Rxd8 Rxd8 21. Nxg6 Rd1+ 22. Bf1 Nb4 23. Kg2 Nxa2 24. c5 Nb4 25. Bc4+ Nd5 26. Nd6 b5 27. Nxb5 cxb5 28. Bxd5+ Kh7 29. Ne7 Bf8 30. Be4+ Kg7 31. Nf5+ Kf6 32. c6 Rc1 33. h4 a5 34. Ne3 Ke6 35. Nd5 Kd6 36. Nc3 b4 37. Nb5+ Kc5 38. Nc7 Bd6 39. Ne8 a4 40. c7 Bxc7 41. Nxc7 a3 42. bxa3 bxa3 43. Na6+ Kd4 44. Nb4 Kxe4 45. g4 Rb1 46. Na2 Rb2 47. Nc3+ Kd3 48. Nd1 Rd2 49. g5 hxg5 50. h5 Rxd1 51. h6 Kc2 52. h7 Rd8 0-1


[Site "https://www.chess.com"]

[Event "Titled Tuesday Blitz May 03 Early 2022"]
[White "Demchenko, Anton"]
[Black "Djordjevic, Vuk"]
[WhiteFideId "4160258"]
[BlackFideId "902098"]
[WhiteElo "2539"]
[BlackElo "2496"]
[Result "1-0"]
[Round "07"]
[TimeControl "180+1"]
[Date "2022.05.03"]
[WhiteClock "0:01:54"]
[BlackClock "0:01:20"]

1. e4 e6 2. d4 d5 3. Nd2 Be7 4. Ngf3 Nf6 5. e5 Nfd7 6. c3 c5 7. Be2 b6 8. O-O Ba6 9. Bxa6 Nxa6 10. Re1 b5 11. a3 Qb6 12. Nf1 b4 13. axb4 cxb4 14. Ng3 h5 15. h4 Nc7 16. Bg5 Bf8 17. Nd2 Nb5 18. c4 dxc4 19. Nxc4 Qxd4 20. Qe2 Qg4 21. Qf1 Nd4 22. Re4 Nf3+ 23. gxf3 Qxf3 24. Nd2 Qxe4 25. Ndxe4 f6 26. exf6 gxf6 27. Bxf6 1-0


[Site "https://www.chess.com"]

[Event "Titled Tuesday Blitz May 03 Early 2022"]
[White "Dilmukhametov, Artur"]
[Black "Clawitter, Craig"]
[WhiteFideId "24179922"]
[BlackFideId "2023105"]
[WhiteElo "2244"]
[BlackElo "2270"]
[Result "0-1"]
[Round "07"]
[TimeControl "180+1"]
[Date "2022.05.03"]
[WhiteClock "0:01:48"]
[BlackClock "0:01:39"]

1. d4 e6 2. Nc3 d5 3. Nf3 Nf6 4. Bf4 c5 5. e3 Be7 6. Bd3 O-O 7. O-O Nc6 8. Ne2 c4 9. c3 cxd3 10. Qxd3 Bd6 11. Ng5 h6 12. Bxd6 Qxd6 13. Nf3 Ne4 14. Nh4 Qe7 15. Nf3 Bd7 16. Ne5 Nxe5 17. dxe5 a6 18. f3 Bb5 19. Qd2 Nxd2 0-1


[Site "https://www.chess.com"]

[Event "Titled Tuesday Blitz May 03 Early 2022"]
[White "Donchenko, Alexander"]
[Black "Fedoseev, Vladimir"]
[WhiteFideId "24603295"]
[BlackFideId "24130737"]
[WhiteElo "2539"]
[BlackElo "2726"]
[Result "0-1"]
[Round "07"]
[TimeControl "180+1"]
[Date "2022.05.03"]
[WhiteClock "0:00:02"]
[BlackClock "0:00:14"]

1. d4 Nf6 2. Nf3 d5 3. Bf4 c5 4. e3 Nc6 5. Nbd2 cxd4 6. exd4 Bf5 7. Bb5 e6 8. Ne5 Qb6 9. c4 Qxd4 10. Nxc6 Qxf4 11. g3 Qc7 12. Nd4+ Kd8 13. Nxf5 exf5 14. cxd5 Qa5 15. Qa4 Bb4 16. Qxa5+ Bxa5 17. O-O-O a6 18. Bd3 Ng4 19. Rhf1 Nxh2 20. Rfe1 Ng4 21. Re2 Rc8+ 22. Kb1 g6 23. Nc4 Bb4 24. a3 Bc5 25. Rdd2 b5 26. Na5 Kd7 27. a4 Bb4 28. Nc6 Bxd2 29. Rxd2 Kd6 30. axb5 axb5 31. Bxb5 Nf6 32. Bc4 Rhe8 33. b3 Re1+ 34. Kb2 Ne4 35. Rc2 Ra8 36. Nd4 Raa1 37. Nb5+ Kd7 38. Na3 Rad1 39. Bb5+ Ke7 40. Rc7+ Kf6 41. Nc4 Rxd5 42. Be8 Nxf2 43. Rxf7+ Kg5 44. Bc6 Rc5 45. Bb7 h5 46. Rg7 Kh6 47. Rg8 Rc7 48. Bd5 Nd3+ 49. Kc3 Nc5 50. Kb4 Ne4 51. Rd8 Nf6 52. Bf7 Rxf7 53. Nd6 Rd7 0-1


[Site "https://www.chess.com"]

[Event "Titled Tuesday Blitz May 03 Early 2022"]
[White "Dubov, Daniil"]
[Black "Xu, Yi"]
[WhiteFideId "24126055"]
[BlackFideId "8605564"]
[WhiteElo "2791"]
[BlackElo "2471"]
[Result "1-0"]
[Round "07"]
[TimeControl "180+1"]
[Date "2022.05.03"]
[WhiteClock "0:00:08"]
[BlackClock "0:00:03"]

1. d4 Nf6 2. Nf3 d5 3. c4 e6 4. g3 Be7 5. Bg2 O-O 6. O-O dxc4 7. Qc2 a6 8. a4 Bd7 9. Qxc4 Bc6 10. Bg5 Nbd7 11. Nc3 a5 12. Rfd1 h6 13. Bxf6 Nxf6 14. Ne5 Bxg2 15. Kxg2 Bb4 16. Qd3 c6 17. Qf3 Qe7 18. e3 Rfd8 19. Nd3 Rac8 20. h4 Bd6 21. Ne4 Nxe4 22. Qxe4 b6 23. Rac1 c5 24. dxc5 Bxc5 25. Ne5 Qe8 26. b3 Rxd1 27. Rxd1 Rd8 28. Rxd8 Qxd8 29. Qb7 Qf6 30. Nd7 Qe7 31. Qb8+ Kh7 32. Nxb6 Bb4 33. Nc4 Qc5 34. Qb7 Qf5 35. Qf3 Qd3 36. e4 Qb1 37. h5 Kg8 38. Ne5 f6 39. Nc6 Qe1 40. Qg4 e5 41. Nxb4 Qxb4 42. Qc8+ Kh7 43. Qc4 Qd2 44. Qd5 Qb4 45. Qc4 Qd2 46. Qb5 Kh8 47. Qb8+ Kh7 48. Qb5 Qc3 49. Qd5 Qb4 50. g4 Qc3 51. Qc4 Qd2 52. Qc5 Qd3 53. Qd5 Qc3 54. Kf1 Qc1+ 55. Ke2 Qc2+ 56. Ke3 Qc1+ 57. Qd2 Qc5+ 58. Kf3 Qb6 59. Qd3 Qc5 60. Ke2 Qc1 61. f3 Qb2+ 62. Ke3 Qc1+ 63. Qd2 Qc5+ 64. Kd3 Kh8 65. Qc3 Qd6+ 66. Kc2 Qb6 67. Qd3 Kh7 68. Kc3 Qb4+ 69. Kb2 Qb6 70. Qc3 Qf2+ 71. Ka3 Qb6 72. b4 Qd6 73. Kb3 axb4 74. Qc4 Qd1+ 75. Kxb4 Qxf3 76. a5 Qxg4 77. a6 Qxh5 78. a7 Qe8 79. Qd5 Qe7+ 80. Qc5 Qb7+ 81. Ka5 h5 82. Qb6 Qxe4 83. Ka6 h4 84. Qb7 Qa4+ 85. Kb6 Qb4+ 86. Kc6 Qe4+ 87. Kc7 Qc4+ 88. Qc6 Qf7+ 89. Kb6 Qb3+ 90. Ka6 Qa3+ 91. Kb7 Qb3+ 92. Kc7 Qf7+ 93. Qd7 Qc4+ 94. Kb8 Qb4+ 95. Kc8 Qc5+ 96. Qc7 Qf8+ 97. Kb7 Qb4+ 98. Qb6 Qe7+ 99. Kc6 Qe6+ 100. Kc5 Qe7+ 101. Kd5 Qd7+ 102. Kc5 Qe7+ 103. Kc4 Qf7+ 104. Kb4 Qf8+ 105. Kb3 Qc8 106. Qb8 Qe6+ 107. Ka3 Qe7+ 108. Ka2 Qe6+ 109. Kb2 Qh3 110. a8=Q Qh2+ 111. Kb3 Qg3+ 112. Kb4 Qf4+ 113. Kb5 Qf1+ 114. Kc6 Qf3+ 115. Kd6 Qxa8 116. Qxa8 Kg6 117. Qg2+ Kf5 118. Kd5 g5 119. Qe4# 1-0


[Site "https://www.chess.com"]

[Event "Titled Tuesday Blitz May 03 Early 2022"]
[White "Erdogdu, Mert"]
[Black "Grischuk, Alexander"]
[WhiteFideId "6301495"]
[BlackFideId "4126025"]
[WhiteElo "2485"]
[BlackElo "2762"]
[Result "1/2-1/2"]
[Round "07"]
[TimeControl "180+1"]
[Date "2022.05.03"]
[WhiteClock "0:00:07"]
[BlackClock "0:00:24"]

1. e4 d5 2. exd5 Qxd5 3. Nc3 Qa5 4. d4 Nf6 5. Nf3 c6 6. Bc4 Bf5 7. Ne5 e6 8. g4 Bg6 9. h4 Nbd7 10. Nxd7 Nxd7 11. h5 Be4 12. O-O Bd5 13. Nxd5 cxd5 14. Bd3 Qc7 15. Qf3 Bd6 16. c3 g6 17. h6 Rf8 18. Bd2 O-O-O 19. a4 Kb8 20. Rfe1 Rde8 21. a5 f5 22. g5 e5 23. Qxd5 e4 24. Bf1 Rd8 25. a6 Nc5 26. Kh1 Nxa6 27. Bxa6 bxa6 28. Rxa6 Qb7 29. Qxb7+ Kxb7 30. Rea1 Bb8 31. Re6 Rde8 32. Raa6 f4 33. Rxe8 Rxe8 34. Rf6 e3 35. fxe3 fxe3 36. Be1 Bc7 37. Rf7 Kc6 38. Rxh7 Bf4 39. Rg7 Kd5 40. h7 Rh8 41. Kg2 Ke4 42. Re7+ Kf5 43. c4 Bxg5 44. Rxa7 Bf6 45. Bc3 Ke4 46. d5 Bxc3 47. bxc3 Kd3 48. Re7 e2 49. d6 Rxh7 50. Kf2 Rh2+ 51. Kf3 Rh3+ 52. Kf2 Rh2+ 53. Kf3 Rh3+ 54. Kf2 Rh2+ 1/2-1/2


[Site "https://www.chess.com"]